Cogmind - Beta 10.2 @@@ ROGUE MODE // 2020.11.10 @ 10:56:30 // Halloween2020/ForbiddenLore Player: Ty Piggbottom Result: Destroyed by D-53 Grenadier with Mini Grenade Launcher Performance ------------- Evolutions (0) 0 Regions Visited (2) 400 Robots Destroyed (30) 150 Value Destroyed (530) 530 Prototype IDs (2) 40 Alien Tech Used (0) 0 Bonus (0) 0 TOTAL SCORE: 1120 Bonus ------- None Cogmind --------- Core Integrity 0/250 Matter 186/300 Energy 248/250 System Corruption 2% Temperature Cool (0) Movement Walking (150) Ox1 Location -10/Mines Parts ------- > --- POWER (1) -------- Ion Engine > --- PROPULSION (2) --- Improved Aluminum Leg > --- UTILITY (2) ------ Medium Storage Unit Signal Interpreter > --- WEAPON (2) ------- Light Cannon > --- INVENTORY (8) ---- Cooling System High-capacity Matter Pod (200) Improved Sensor Array Mining Laser Peak State ------------ > --- POWER ------------ Ion Engine > --- PROPULSION ------- Improved Aluminum Leg Improved Aluminum Leg > --- UTILITY ---------- Improved Sensor Array Signal Interpreter > --- WEAPON ----------- EM Pulse Gun Small Laser > --- INVENTORY -------- Wheel Hover Unit Cooling System Small Storage Unit [Rating: 10] Favorites ----------- Power Ion Engine Engine Ion Engine Propulsion Wheel Leg Improved Aluminum Leg Wheel Wheel Hover Unit Hover Unit Utility Signal Interpreter Device Sensor Array Storage Medium Storage Unit Processor Signal Interpreter Weapon EM Pulse Gun Energy Gun EM Pulse Gun Energy Cannon Beam Cannon Ballistic Gun Light Assault Rifle Ballistic Cannon Light Cannon Launcher Grenade Launcher Special Weapon Mining Laser Build | -11 -10 -10 ------- Run | Scr Mat Min Slots Evolved . | . . . Power . | . . . Propulsion . | . . . Utility . | . . . Weapon . | . . . Parts Attached 52 | 7 37 8 Power 3 | 1 2 . Engine 3 | 1 2 . Core . | . . . Reactor . | . . . Propulsion 18 | 2 14 2 Treads . | . . . Leg 8 | . 6 2 Wheel 7 | 2 5 . Hover 3 | . 3 . Flight . | . . . Utility 7 | 2 5 . Device 3 | 1 2 . Storage 3 | 1 2 . Processor 1 | . 1 . Hackware . | . . . Protection . | . . . Artifact . | . . . Weapon 24 | 2 16 6 Energy Gun 8 | 1 6 1 Energy Cannon 1 | . 1 . Ballistic Gun 3 | 1 2 . Ballistic Cannon 3 | . 1 2 Launcher 7 | . 5 2 Special Weapon 2 | . 1 1 Impact Weapon . | . . . Slashing Weapon . | . . . Piercing Weapon . | . . . Special Melee Weapon . | . . . Unidentified Prototypes . | . . . Parts Lost 10 | . 4 6 Power . | . . . Propulsion 4 | . 1 3 Utility 1 | . 1 . Weapon 5 | . 2 3 Highest Loss Streak 3 | . 3 3 Average Slot Usage (%) 98 | . 99 93 Engine 14 | . 14 14 Leg 12 | . 12 8 Wheel 12 | . 11 16 Hover 3 | . 3 . Device 4 | . 5 . Storage 10 | . 10 14 Processor 12 | . 12 14 Energy Gun 20 | . 21 10 Energy Cannon 1 | . 1 . Ballistic Gun 2 | . 2 . Launcher 1 | . . 8 Naked Turns . | . . . Heaviest Build 19 | 13 18 19 Greatest Support 26 | 26 26 26 Greatest Overweight (x) 3 | 3 1 . Average Overweight (x) . | . . . Largest Inventory Capacity 8 | 6 8 8 Average Capacity 6 | 5 6 8 Most Carried 8 | 1 8 8 Average Carried 4 | . 4 7 Final Capacity 8 | 6 8 8 Final Carried 8 | 1 8 4 Class Distribution -------------------- 58% | Scavenger-Mutant 41% | Mutant Dominant Class ---------------- Scavenger-Mutant | -10/Materials Mutant | -10/Mines Resources | -11 -10 -10 ----------- Run | Scr Mat Min Matter Collected 901 | 269 544 88 Remotely 124 | 112 12 . Salvage Created 1032 | 57 943 32 Parts 60 | 3 56 1 Haulers Intercepted 1 | . 1 . Recyclers Shooed 5 | . 5 . Parts Field Recycled . | . . . Retrieved Matter . | . . . Parts Self-Destructed . | . . . Prevented . | . . . Kills | -11 -10 -10 ------- Run | Scr Mat Min Combat Hostiles Destroyed 22 | . 11 11 Guns 5 | . 4 1 Cannons 2 | . 1 1 AOE 15 | . 6 9 Classes Destroyed 9 | 1 7 1 Worker 3 | . 3 . Builder 1 | . 1 . Hauler 1 | . 1 . Recycler 8 | 1 7 . Operator 1 | . 1 . Watcher 3 | . 3 . Swarmer 5 | . 3 2 Grunt 8 | . 8 . Assembled 9 | . . 9 Best Kill Streak 9 | 1 6 9 Combat Bots Only 9 | . 2 9 Max Kills in Single Turn 3 | 1 3 2 Gunslinging . | . . . Exploded 2 | . 2 2 Melee . | . . . Uniques/NPCs Destroyed . | . . . Combat | -11 -10 -10 -------- Run | Scr Mat Min Damage Taken 1200 | . 510 690 Core 282 | . 154 128 Absorbed by Shields . | . . . Core Remaining (%) 100 | 100 . . Volleys Fired 97 | 2 71 24 Largest 2 | 2 2 2 Hottest 140 | 60 100 140 Shots Fired 161 | 4 118 39 Gun 97 | 4 79 14 Cannon 28 | . 15 13 Launcher 27 | . 17 10 Special 9 | . 7 2 Kinetic 33 | 2 18 13 Thermal 38 | . 36 2 Explosive 27 | . 17 10 Electromagnetic 63 | 2 47 14 Robot Hit Streak 14 | 3 14 8 Robot Miss Streak 5 | . 5 2 Penetration Max . | . . . Secondary Targets . | . . . Shots Hit Robots 85 | 3 62 20 Core Hits 71 | 2 47 22 Critical Hits . | . . . Critical Kills . | . . . Critical Parts Destroyed . | . . . Melee Attacks . | . . . Impact . | . . . Slashing . | . . . Piercing . | . . . Sneak Attacks . | . . . Combat Hostiles . | . . . Follow-up Attacks . | . . . Damage Inflicted 2452 | 35 1688 729 Guns 682 | 35 582 65 Cannons 298 | . 210 88 Explosions 1448 | . 896 552 Melee . | . . . Ramming . | . . . Kinetic 177 | 9 80 88 Thermal 376 | . 352 24 Explosive 1352 | . 800 552 Electromagnetic 547 | 26 456 65 Impact . | . . . Slashing . | . . . Piercing . | . . . Highest Corruption 2 | . 2 2 Average Corruption 2 | . 2 2 Corruption Purged . | . . . Effects 11 | . 8 3 Message Errors 5 | . 4 1 Heat Flow Errors 3 | . 3 . Energy Discharges 1 | . . 1 Targeting Errors 2 | . 1 1 Overload Shots . | . . . Overflow Damage 96 | . 96 . Projectiles 18 | . 18 . Explosions 78 | . 78 . Melee . | . . . Knockbacks . | . . . Impact . | . . . Kinetic . | . . . Secondary . | . . . Self-Inflicted Damage 296 | . 249 47 Shots 6 | . 4 2 Rammed . | . . . Targets Rammed . | . . . Kicked . | . . . Crushed . | . . . Highest Temperature 239 | 20 239 180 Average Temperature 57 | 15 51 86 Received Heat Transfer 145 | . 105 40 Siege Activations . | . . . Robots Corrupted . | . . . Combat Hostiles . | . . . Parts Fried 1 | . . 1 Impact Corruptions . | . . . Robots Melted . | . . . Combat Hostiles . | . . . Parts Melted . | . . . Heat Transferred 757 | . 707 50 Parts Sabotaged . | . . . Parts Stolen . | . . . Parts Stripped . | . . . Power Chain Reactions 2 | . 2 . Missiles Intercepted . | . . . Alert | -11 -10 -10 ------- Run | Scr Mat Min Peak Influence 268 | 5 268 66 Initial 11 | . 3 11 Average 70 | 1 75 48 Maximum Alert Level 1 | . 1 . Low Security (%) 80 | 100 77 100 Level 1 19 | . 22 . Level 2 . | . . . Level 3 . | . . . Level 4 . | . . . Level 5 . | . . . High Security . | . . . Max Security . | . . . Squads Dispatched 2 | . 2 . Investigation 1 | . 1 . Extermination . | . . . Reinforcement 1 | . 1 . Assault . | . . . Garrison . | . . . Intercept . | . . . Construction Impeded . | . . . Haulers Reinforced . | . . . Stealth | -11 -10 -10 --------- Run | Scr Mat Min Distress Signals 2 | . 2 . Communications Jammed . | . . . Distress Signals . | . . . Times Spotted 31 | . 18 13 Peak Tracking Total 8 | . 3 8 Tactical Retreats . | . . . Traps | -11 -10 -10 ------- Run | Scr Mat Min Traps Triggered 2 | . 2 . Indirectly . | . . . Trap Hack Attempts . | . . . Triggered . | . . . Disarmed . | . . . Reprogrammed . | . . . Reused . | . . . Traps Extracted . | . . . Installed . | . . . Triggered . | . . . Machines | -11 -10 -10 ---------- Run | Scr Mat Min Machines Disabled 6 | . 6 . Max in Single Turn 3 | . 3 . Machines Sabotaged . | . . . Garrisons Compromised . | . . . Overloaded Fab Kills . | . . . Fab Network Shutdowns . | . . . Hacking | -11 -10 -10 --------- Run | Scr Mat Min Machines Accessed 10 | . 10 . Terminals 7 | . 7 . Fabricators . | . . . Repair Stations 1 | . 1 . Recycling Units 2 | . 2 . Scanalyzers . | . . . Garrison Access . | . . . Total Hacks 31 | . 31 . Successful 16 | . 16 . Failed 15 | . 15 . Catastrophic 2 | . 2 . Database Lockouts . | . . . Manual 14 | . 14 . Terminals 23 | . 23 . Fabricators . | . . . Repair Stations 2 | . 2 . Recycling Units 6 | . 6 . Scanalyzers . | . . . Garrison Access . | . . . Terminal Hacks 9 | . 9 . Robot Analysis 2 | . 2 . Prototype ID Bank 1 | . 1 . Alert Level 1 | . 1 . Unreport Threat 1 | . 1 . Locate Traps 2 | . 2 . Hauler Manifests 1 | . 1 . Zone Layout 1 | . 1 . Fabricator Hacks . | . . . Repair Station Hacks 2 | . 2 . Scan Component 1 | . 1 . Repair 1 | . 1 . Recycling Unit Hacks 5 | . 5 . Process 1 | . 1 . Report Inventory 2 | . 2 . Retrieve Matter 1 | . 1 . Retrieve Components 1 | . 1 . Scanalyzer . | . . . Garrison Access Hacks . | . . . Unauthorized Hacks . | . . . Terminals . | . . . Fabricators . | . . . Repair Stations . | . . . Recycling Units . | . . . Scanalyzers . | . . . Garrison Access . | . . . Data Cores Recovered . | . . . Used . | . . . Hacking Detections 9 | . 9 . Full Trace Events . | . . . Feedback Events . | . . . Feedback Blocked . | . . . Robot Schematics Acquired . | . . . Robots Built . | . . . Matter . | . . . Time . | . . . Total Robot Build Rating . | . . . Part Schematics Acquired . | . . . Parts Built . | . . . Matter . | . . . Time . | . . . Total Part Build Rating . | . . . Parts Repaired 1 | . 1 . Time 26 | . 26 . Parts Recycled . | . . . Recycled Matter 182 | . 182 . Retrieved Matter 215 | . 215 . Retrieved Components 9 | . 9 . Parts Scanalyzed . | . . . Part Schematics Acquired . | . . . Parts Damaged . | . . . Bothacking | -11 -10 -10 ------------ Run | Scr Mat Min Used RIF Installer . | . . . Robots Hacked . | . . . Non-combat . | . . . Combat . | . . . Robot Hacks Applied . | . . . Relay Couplers Released . | . . . Robots Rewired . | . . . Allies Hacked . | . . . Hacks Repelled . | . . . Allies | -11 -10 -10 -------- Run | Scr Mat Min Total Allies . | . . . Largest Group . | . . . Highest-Rated Group . | . . . Highest-Rated Ally . | . . . Total Orders . | . . . Ally Attacks . | . . . Total Damage . | . . . Kills . | . . . Allies Corrupted . | . . . Allies Melted . | . . . Intel | -11 -10 -10 ------- Run | Scr Mat Min Robot Analysis Total 2 | . 2 . Derelict Logs Recovered . | . . . Drone Launches . | . . . Drone Recoveries . | . . . Exploration | -11 -10 -10 ------------- Run | Scr Mat Min Turns Passed 1751 | 56 1551 144 Spaces Moved 1313 | 37 1210 66 Core 23 | 23 . . Treads . | . . . Legs 547 | . 520 27 Wheels 577 | 14 524 39 Hover 166 | . 166 . Flight . | . . . Fastest Speed 50 | 50 56 80 Average Speed 96 | 107 96 96 Slowest Speed 200 | 200 150 120 Overloaded Moves . | . . . Propulsion Burnouts . | . . . Robots Hopped . | . . . Cave-ins Triggered . | . . . Exploration Rate (%) 42 | 3 100 24 Regions Visited 2 Branch Regions 1 Pre-discovered Areas . | . . . Known Exits Taken 1 | . 1 . Unknown Exits Taken 1 | 1 . . Scrap Searched . | . . . Spaces Dug 16 | . 7 9 Terrain Destroyed 111 | . 62 49 Melee . | . . . Projectile 7 | . 7 . AOE 104 | . 55 49 Terrain Rammed . | . . . Walls Destroyed . | . . . Machines Disabled . | . . . Actions | -11 -10 -10 --------- Run | Scr Mat Min Total 1611 | 46 1463 102 Wait 102 | . 100 2 Move 1311 | 36 1209 66 Hop . | . . . Pick Up 22 | 1 20 1 Fast Attach 14 | 7 7 . Attach 10 | . 6 4 Detach 4 | . 4 . Swap 28 | . 24 4 Drop 23 | . 22 1 Fire 97 | 2 71 24 Melee . | . . . Ram . | . . . Kick . | . . . Crush . | . . . Escape Stasis . | . . . Rewire . | . . . Trap . | . . . Miscellaneous . | . . . Route ------- -11/Scrapyard -10/Materials (discovered 4 exits: *Mat x3 / *Min) -10/Mines History --------- Turn | Location | Event 6 | -11/Scrapyard | Discovered new exit (range 16) 57 | -11/Scrapyard | Entered Materials 308 | -10/Materials | Build established: Mutant 409 | -10/Materials | Discovered new exit (range 16) 478 | -10/Materials | Discovered new exit (range 14) 512 | -10/Materials | Identified exit to Materials 579 | -10/Materials | Core integrity fell below 50% 609 | -10/Materials | Lost 3 parts (1n2w) 827 | -10/Materials | Discovered exit to Materials (range 12) 995 | -10/Materials | Identified exit to Mines 1018 | -10/Materials | Build established: Scavenger-Mutant 1105 | -10/Materials | Discovered exit to Materials (range 16) 1196 | -10/Materials | Repaired EM Pulse Gun 1608 | -10/Materials | Entered Mines 1675 | -10/Mines | Assembled infested the area 1699 | -10/Mines | Core integrity fell below 20% 1730 | -10/Mines | Lost 3 parts (2n1w) 1737 | -10/Mines | Destroyed 9 combat bots 1752 | -10/Mines | Destroyed by D-53 Grenadier with Mini Grenade Launcher Last Messages --------------- 01685_ Extracted 10 matter. 01693_ as-07694 destroyed. 01693_ as-57333 destroyed. 01696_ Grenade Launcher destroyed. 01696_ as-86920 destroyed. 01696_ as-63331 destroyed. 01697_ G7MI5Y3MZD1SB7AX4GKIHB,2JQTGPV1 K&S7E: 01697_ Wheel destroyed. 01698_ as-27201 destroyed. 01698_ Destroyed Asb. Hover Unit. 01698_ as-55039 destroyed. 01699_ Wheel destroyed. 01713_ as-56196 destroyed. 01716_ System corrupted: Grenade Launcher targeting data glitched. 01716_ as-74609 destroyed. 01741_ K-01 Serf collects debris. 01745_ T-07 Excavator destroyed. 01747_ Grenade Launcher destroyed. 01747_ Imp. Aluminum Leg destroyed. 01747_ EM Pulse Gun destroyed. Map ----- +----------------------------------------------------+ | ?????????????????????????????????????????? | | ?????????????????????????????????????????? | | ?????????????????????? #????????????????? | | ??????????????????? #???????????????? | | ?????????????????# ##?????????????? | | ?????????????????# ##????????????? | | ?????????????????? #????????????? | | ??????????????????# #???????????? | | ???????????????????# ????????????? | | ???????????????????# ?????????????? | | ?????#?????????##### #?????????????? | | ????? ???????## ##????????????? | | ???? #?????# ##???????????? | | ???? ###### ##??#######?? | | # #### #?? | | #?? | | # *==#?? | | = ### #?? | | ## #?# #?? | | ????????# #########?? | | ??????????# d ##???????? | | ??????????# kd #???????? | | ??????????# ! #???????? | | ??????????# !! ! #?# #???????? | | ??????????# ! #?# #???????? | | ??????????# ## @ #???????? | | ??????????## # ##???????? | | ???????????## ## ###????????? | | ????????????##### #### ##??????????? | | ?????????????????##??### #???????????? | | ???????????????????????# #???????????? | | ???????????????????????# #??????????? | | ???????????????????????### #?????????? | | ?????????????????????????## #?????????? | | ???????????????????????????# #?????????? | | ???????????????????????????? #?????????? | | ????????????????????????????####?????????? | | ?????????????????????????????????????????? | | ?????????????????????????????????????????? | | | | | | | | | | | | | | | | | | | | | | | +----------------------------------------------------+ Best States ------------- Heat Dissipation 25 Energy Generation 10 Energy Capacity 250 Matter Stores 300 Matter Capacity 300 Sight Range 16 Robot Scan Range 13 Terrain Scan Density 10 Evasion (%) 53 Item Schematics ----------------- None Robot Schematics ------------------ None Fabricated ------------ Nothing Alien Tech Used ----------------- None Achievements -------------- None Challenges ------------ None Game ------ Seed HeartAutogunAxe Manual? 0 Play Time 00:34:02 Cumulative 155.0 hours Start 2020.11.10 @ 10:24:43 End 2020.11.10 @ 10:56:30 Sessions 1 Manual Loads 0 Difficulty Rogue Special Mode Halloween2020/ForbiddenLore Game No. 59 Rogue 59 Adventurer 0 Explorer 0 Win Type - Total 0 Types 0/0/0/0/0/0/0/0/0 Lore% 20 Gallery% 23 Achievement% 21 Wizard Run 0 Options --------- ASCII 0 Keyboard 1 Movement Vi Keybinds 0 Fullscreen 1 Font 12/Terminus Map View 83x54 Tactical HUD 1 Map Filters NONE Filters NONE Steam 1 RUN: e033d24f-5459-4bfc-9f19-aaee4dde0b4a